 Dungeon Crawl Stone Soup version 0.31.0 (webtiles) character file.

Game seed: 13610344224657308310

63 qw the Shooter (level 4, -6/28 HPs)
             Began as a Gargoyle Hunter on Jan 19, 2024.
             Mangled by an orc
             ... wielding a +0 war axe
              (7 damage)
             ... on level 3 of the Dungeon.
             The game lasted 00:00:05 (1354 turns).

qw the Shooter (Gargoyle Hunter)                    Turns: 1354, Time: 00:00:05

Health: -6/28      AC:  8    Str: 15    XL:     4   Next: 9%
Magic:  4/4        EV: 11    Int:  9    God:
Gold:   135        SH:  0    Dex: 15    Spells: 3/3 levels left

rFire   . . .        a - +0 shortbow
rCold   + . .        (shield currently unavailable)
rNeg    + . .        j - +0 ring mail
rPois   inf          (no helmet)
rElec   +            (no cloak)
rCorr   .            (no gloves)
SInv    .            (no boots)
Will    .....        (no amulet)
Stlth   +            g - ring of protection from cold
HPRegen 0.24/turn    (no ring)
MPRegen 0.09/turn

%: no passive effects
@: no status effects
A: sickness immunity, AC +3, negative energy resistance 1, electricity
resistance, torment resistance 1, petrification resistance
a: no special abilities


You were on level 3 of the Dungeon.
You visited 1 branch of the dungeon, and saw 3 of its levels.

You collected 135 gold pieces.


Innate Abilities, Weirdness & Mutations

You are immune to sickness and miasma.
Your stone body is resilient. (AC +3)
You are immune to poison.
You resist negative energy. (rN+)
You are resistant to electric shocks. (rElec)
You are resistant to unholy torment.
You are immune to petrification.


   Skills:
 - Level 3.0 Fighting
 + Level 5.0 Ranged Weapons
 - Level 1.0 Armour
 - Level 1.5 Dodging
 - Level 1.1 Stealth


You had 3 spell levels left.
You didn't know any spells.
Your spell library was empty.

Inventory:

Hand Weapons
 a - a +0 shortbow (weapon)
Armour
 j - a +0 ring mail (worn)
Jewellery
 g - a ring of protection from cold (left hand)
Scrolls
 c - a scroll of brand weapon {unknown}
 d - a scroll of identify
 e - a scroll of immolation {unknown}
Potions
 b - a potion of curing {unknown}
 i - 2 potions of haste {unknown}
 l - a potion of heal wounds {unknown}

Dungeon Overview and Level Annotations

Branches:
Dungeon (2/15)

Altars:

Shops:
D:2 (


Message History

The orc barely misses you. The orc hits you with a +0 war axe.
You shoot an arrow. The arrow hits the orc.
The orc is heavily wounded.
The orc barely misses you. Something hits you. The rat barely misses you.
You shoot an arrow. The arrow barely misses the orc.
The orc barely misses you. Something completely misses you.
The rat closely misses you.
You shoot an arrow. The arrow barely misses the orc.
The orc hits you but does no damage. Something hits you but does no damage.
The rat barely misses you. The orc hits you with a +0 war axe.
Something hits you but does no damage.
You shoot an arrow. The arrow closely misses the orc.
The rat barely misses you. The orc barely misses you.
Something hits you but does no damage.
You shoot an arrow. The arrow closely misses the orc.
The rat bites you but does no damage. The orc hits you with a +0 war axe.
Something hits you but does no damage. The rat barely misses you.
You shoot an arrow. The arrow hits the orc.
The orc is heavily wounded.
The orc closely misses you. Something hits you but does no damage.
The rat bites you but does no damage.
You shoot an arrow.
The arrow hits the orc but does no damage.
The orc is heavily wounded.
The orc closely misses you.
You hear some strange, mumbled words.
Something tries to affect you, but you resist.
The rat misses you. Something hits you but does no damage.
The orc barely misses you.
You shoot an arrow. The arrow barely misses the orc.
The rat bites you. The orc hits you with a +0 war axe!
Something hits you but does no damage.
You shoot an arrow. The arrow barely misses the orc.
The rat barely misses you. The orc hits you but does no damage.
Something hits you but does no damage.
You shoot an arrow. The arrow closely misses the orc.
The rat misses you. The orc misses you. Something hits you. The rat bites you.
You shoot an arrow. The arrow closely misses the orc.
The orc hits you with a +0 war axe!
You die...

### #.. ... ... ..#
#.# #.# #.# #.# #.#
#.# . ##.####.#
#.####...
........###.{..)...
.>.####...r@o......
#.######.##..
##########.#
#.....#....#
#..#%.#..###
#%.#..#..#
#..#..#..#
##.##.##.##
##..#..#..#


You could see an orc and a rat.

Vanquished Creatures
  2 dart slugs
  A ribbon worm (D:3)
  An orc (D:3)
  2 ball pythons
  7 bats
  5 endoplasms
  A giant cockroach (D:1)
  A goblin (D:2)
  6 hobgoblins
  9 jackals
  4 kobolds
  3 quokkas
  4 frilled lizards
  A rat (D:2)
47 creatures vanquished.

Notes
Turn   | Place    | Note
-------+----------+-------------------------------------------
     0 | D:1      | qw the Gargoyle Hunter began the quest for the Orb.
     0 | D:1      | Reached XP level 1. HP: 12/12 MP: 1/1
     0 | D:1      | 0 ||| qw: Version: 0.3-a-132-g3d54051
     0 | D:1      | 0 ||| qw: Game counter: 93
     0 | D:1      | 0 ||| qw: Melee chars always use a shield: true
     0 | D:1      | 0 ||| qw: God list: Okawaru
     0 | D:1      | 0 ||| qw: Allow faded altars: false
     0 | D:1      | 0 ||| qw: Do Orc after clearing Dungeon:15 true
     0 | D:1      | 0 ||| qw: Do second Lair branch before Depths: true
     0 | D:1      | 0 ||| qw: Lair rune preference: random
     0 | D:1      | 0 ||| qw: Goals: Normal
     0 | D:1      | 0 ||| PLANNING D:1-11
    72 | D:1      | Reached XP level 2. HP: 17/17 MP: 2/2
   512 | D:1      | Reached XP level 3. HP: 21/21 MP: 3/3
   550 | D:1      | Reached skill level 5 in Ranged Weapons
   865 | D:1      | 865 ||| UPGRADING to +0 ring mail.
   875 | D:1      | 875 ||| DROPPING +0 leather armour.
   876 | D:1      | 876 ||| UPGRADING to ring of protection from cold.
   877 | D:1      | 877 ||| READING 2 scrolls labelled JUPNATZU QEKOC.
   877 | D:1      | 877 ||| IDENTIFYING yellow potion
   878 | D:1      | 878 ||| READING scroll of identify.
   878 | D:1      | 878 ||| IDENTIFYING bubbling blue potion
   879 | D:1      | 879 ||| READING scroll labelled XIXUF AV ZUASS.
   880 | D:1      | 880 ||| READING scroll labelled BIMITZ WEINU.
   881 | D:1      | 881 ||| DROPPING scroll of butterflies.
   882 | D:1      | 882 ||| DROPPING potion of attraction.
   883 | D:1      | 883 ||| DROPPING potion of lignification.
   935 | D:2      | Found Ycesoet's Antique Weapon Shop.
  1116 | D:2      | 1116 ||| FLEEEEING.
  1118 | D:2      | Reached skill level 1 in Armour
  1276 | D:2      | You fall into a shaft and drop 1 floor!
  1309 | D:3      | Reached skill level 3 in Fighting
  1309 | D:3      | Reached XP level 4. HP: 28/28 MP: 4/4
  1351 | D:3      | HP: 6/28 [orc/+0 war axe (8)]
  1353 | D:3      | HP: 1/28 [rat (3)]
  1354 | D:3      | Mangled by an orc

Levels and vault maps discovered:
D:1:      ncdulo_halloftheorcs, layout_loops_corners,
          nicolae_kite_square_tiling_tiny
D:2:      layout_basic, serial_shops, shop, minmay_distorted
D:3:      minmay_angry_zag, layout_loops_ring, serial_bayou_lagoon_a,
          minmay_goblin_outpost, uniq_natasha

Skill      XL: |  1  2  3 |
---------------+----------+-----
Ranged Weapons | 5 |  5.0
Armour         | 1 |  1.0
Fighting       | 3 |  3.0
Dodging        | |  1.5
Stealth        | |  1.1

Action                     |  1- 3 |  4- 6 || total
---------------------------+-------+-------++-------
   Fire: Shortbow          |   120 |    19 ||   139
    Use: Scroll            |     4 |       ||     4
 Armour: Leather armour    |    12 |       ||    12
         Ring mail         |    10 |    22 ||    32
  Dodge: Dodged            |    18 |    17 ||    35

Table legend:
 A = Non-vault XP
 B = Vault XP
 C = Vault XP percentage of total XP
 D = Non-vault monster count
 E = Vault monster count
 F = Vault count percentage of total count
                 A         B        C        D         E       F
            +---------+---------+-------+---------+---------+-------
      Total |      83 |       7 |   7.8 |      44 |       3 |   6.4
            +---------+---------+-------+---------+---------+-------
        D:1 |      49 |       0 |   0.0 |      26 |       0 |   0.0
        D:2 |      25 |       0 |   0.0 |      15 |       0 |   0.0
        D:3 |       9 |       7 |  43.8 |       3 |       3 |  50.0
            +---------+---------+-------+---------+---------+-------
